 Dungeon Crawl Stone Soup version 0.29-a0-187-ga23d9638d5 (webtiles) character file.

Game seed: 11599812772339785264

256 dr0g0th the Covered (level 6, -12/38 HPs)
             Began as a Gargoyle Fighter on Feb 21, 2022.
             Mangled by an ogre (26 damage)
             ... on level 4 of the Dungeon.
             The game lasted 00:03:20 (2752 turns).

dr0g0th the Covered (Gargoyle Fighter)              Turns: 2752, Time: 00:03:20

Health: -12/38     AC: 14    Str: 22    XL:     6   Next: 15%
Magic:  6/6        EV:  9    Int:  8    God:
Gold:   128        SH:  4    Dex:  9    Spells: 5/5 levels left

rFire   . . .      SeeInvis .   a - +0 flail
rCold   . . .      Faith    .   c - +0 buckler
rNeg    + . .      Spirit   .   b - +0 scale mail
rPois   ∞          Reflect  .   k - +0 helmet
rElec   +          Harm     .   (no cloak)
rCorr   .          Rampage  .   i - +0 pair of gloves
Will    .....                   (no boots)
Stlth   ..........              (no amulet)
HPRegen 0.12/turn               (no ring)
MPRegen 0.10/turn               (no ring)

@: no status effects
A: sickness immunity, AC +4, negative energy resistance 1, electricity
resistance, torment resistance 1, petrification resistance
a: no special abilities


You were on level 4 of the Dungeon.
You visited 1 branch of the dungeon, and saw 4 of its levels.

You collected 128 gold pieces.

Inventory:

Hand Weapons
 a - a +0 flail (weapon)
Armour
 b - a +0 scale mail (worn)
 c - a +0 buckler (worn)
 i - a +0 pair of gloves (worn)
 k - a +0 helmet (worn)
Scrolls
 d - 3 scrolls of identify
 e - a scroll of magic mapping
 f - a scroll of enchant armour {unknown}
 h - a scroll of fear {unknown}
 l - a scroll of fog {unknown}
 m - a scroll of teleportation {unknown}
Potions
 g - a potion of flight


   Skills:
 + Level 3.9 Fighting
 + Level 4.1 Maces & Flails
 + Level 4.6 Armour
 + Level 1.2 Dodging
 + Level 4.1 Shields


You had 5 spell levels left.
You didn't know any spells.
Your spell library contained the following spells:

 Spells                   Type           Power      Damage    Failure   Level
 Magic Dart               Conj           0%         1d3       82%         1
 Sting                    Tmut/Pois      0%         1d3       82%         1
 Blink                    Tloc           0%         N/A       91%         2
 Poisonous Vapours        Pois/Air       0%         N/A       91%         2
 Searing Ray              Conj           0%         2d4       91%         2
 Portal Projectile        Hex/Tloc       0%         N/A       99%         3
 Fulminant Prism          Conj/Hex       0%         3d6       100%        4
 Olgreb's Toxic Radiance  Pois           0%         N/A       100%        4
 Blade Hands              Tmut           0%         N/A       100%        5
 Excruciating Wounds      Necr           0%         N/A       100%        5
 Manifold Assault         Tloc           0%         N/A       100%        5
 Storm Form               Tmut/Air       0%         N/A       100%        7


Dungeon Overview and Level Annotations

Branches:
Dungeon (4/15)
 Temple: D:4-7

Altars:

Shops:
D:2 (   D:3 *

Annotations:
D:4 Eustachio


Innate Abilities, Weirdness & Mutations

You are immune to sickness and miasma.
Your stone body is resilient. (AC +4)
You are immune to poison.
You resist negative energy. (rN+)
You are resistant to electric shocks. (rElec)
You are resistant to unholy torment.
You are immune to petrification.


Message History

You kill the hobgoblin!
You start resting.
HP restored.
An ogre comes into view. It is wielding a +0 giant club.
The ogre shouts!
An ogre is nearby!
An ogre is nearby!
A ball python comes into view.
The ball python hisses angrily.
You sock the ogre!
The ogre is moderately wounded.
The ogre hits you with a +0 giant club!!
You barely miss the ogre.
The ogre is moderately wounded.
The ogre hits you with a +0 giant club!
* * * LOW HITPOINT WARNING * * *
You feel better. The ogre misses you.
As you read the scroll labelled RYEHEUFANA, it crumbles to dust.
You feel aware of your surroundings.
It was a scroll of magic mapping.
The ogre hits you with a +0 giant club.
Unknown command.
Okay, then.
Eustachio the Magnificent comes into view.
He is wielding a +0 rapier and carrying a wand of polymorph (10).
Eustachio shouts!
There is a stone staircase leading up here.
You block the ogre's attack.
You climb upwards.
There is a stone staircase leading down here.
There is an escape hatch in the floor here.
The ogre closely misses you.
You slide downwards.
The hatch slams shut behind you.
Level annotation: Eustachio You hit the ogre.
The ogre is moderately wounded.
The ogre hits you with a +0 giant club!
You hit the ogre.
The ogre is severely wounded.
The ogre hits you with a +0 giant club!!
Ouch! That really hurt!
You die...

### #@#
*************
#O#
,,,,,,,,,,,,*
#.#
,**********,*
#.# ,* *,*
#.#************
,* *,*
#..,,,,,,,,,,,*
,* ****,*
#.#*********,**
,* *,,,,* #..*
*,* ,* *,,*,*
*,,* *,*


You could see an ogre.

Vanquished Creatures
  An ogre (D:3)
  A phantom (D:4)
  A centaur zombie (D:4)
  2 adders (D:2)
  An adder skeleton (D:4)
  A worm (D:3)
  3 dart slugs
  2 endoplasms
  A giant cockroach (D:2)
  4 goblins
  5 hobgoblins
  A quokka (D:2)
  4 ball pythons
  3 bats
  4 frilled lizards
  4 kobolds
  A rat (D:2)
39 creatures vanquished.

Notes
Turn   | Place    | Note
-------+----------+-------------------------------------------
     0 | D:1      | dr0g0th the Gargoyle Fighter began the quest for the Orb.
     0 | D:1      | Reached XP level 1. HP: 14/14 MP: 1/1
   415 | D:1      | Found a faded altar of an unknown god.
   646 | D:1      | Reached XP level 2. HP: 15/19 MP: 2/2
  1166 | D:2      | Found Yniger's Antique Weapon Boutique.
  1287 | D:2      | Reached XP level 3. HP: 20/23 MP: 3/3
  1689 | D:3      | Noticed an ogre
  1699 | D:3      | Killed an ogre
  1700 | D:3      | Reached skill level 1 in Dodging
  1700 | D:3      | Reached XP level 4. HP: 10/29 MP: 4/4
  1700 | D:3      | Reached XP level 5. HP: 11/33 MP: 5/5
  2119 | D:3      | Found Ekhlol's Assorted Antiques.
  2563 | D:4      | Noticed a phantom
  2576 | D:4      | Killed a phantom
  2577 | D:4      | Reached XP level 6. HP: 22/38 MP: 6/6
  2723 | D:4      | Noticed Eustachio
  2752 | D:4      | Mangled by an ogre

Illustrated notes

Levels and vault maps discovered:
D:1:      lightli_arrival_isolated_outpost, layout_loops_ring,
          hellmonk_ecumenical_altar_pennies_from_heaven
D:2:      layout_loops_cross, serial_shops, nicolae_shop_trees
D:3:      layout_rooms, serial_shops, shop, nicolae_elevator_lobby_plus
D:4:      layout_basic, uniq_eustachio

Skill      XL: |  1  2  3  4  5 |
---------------+----------------+-----
Maces & Flails | 3 4 |  4.1
Dodging        | 1 |  1.2
Armour         | 4 |  4.6
Shields        | 4 |  4.1
Fighting       | |  3.9

Action                   |  1- 3 |  4- 6 || total
-------------------------+-------+-------++-------
Melee: Flail             |   108 |    45 ||   153
  Use: Scroll            |     1 |     3 ||     4
       Potion            |     1 |     1 ||     2
Armor: Scale mail        |    71 |    25 ||    96
Dodge: Dodged            |    58 |    20 ||    78
Block: Buckler           |    38 |     8 ||    46

Table legend: (Time is in decaauts)
 A = Elapsed time spent in this place.
 B = Non-inter-level travel time spent in this place.
 C = Inter-level travel time spent in this place.
 D = Time resting spent in this place.
 E = Time spent auto-exploring this place.
 F = Levels seen in this place.
 G = Mean time per level.
                   A        B        C        D        E       F      G
               +--------+--------+--------+--------+--------+-----+--------+
         Total |   2805 |   2727 |     78 |    323 |   1977 |   4 |  701.2 |
       Dungeon |   2805 |   2727 |     78 |    323 |   1977 |   4 |  701.2 |
               +--------+--------+--------+--------+--------+-----+--------+

Top non-repeatable levels by time:
     D:1: 845 daAuts
     D:2: 805 daAuts
     D:3: 657 daAuts
     D:4: 498 daAuts
